[Event "Geneve Chess Masters 2013"]
[Site "Geneve"]
[Date "2013.06.26"]
[Round "1.4"]
[White "Edouard, Romain"]
[Black "Nakamura, Hikaru"]
[Result "0-1"]
[ECO "A88"]
[WhiteElo "2666"]
[BlackElo "2784"]
[Annotator "Robot 3"]
[PlyCount "70"]
[EventDate "2013.??.??"]
[EventCountry "SUI"]
[TimeControl "1500+10"]

1. d4 f5 2. g3 Nf6 3. Bg2 g6 4. Nf3 d6 5. O-O Bg7 6. c4 c6 7. Nc3 O-O 8. b3 Qa5 9. Qd2 e5 10. Rd1 Re8 11. a4 Qc7 12. dxe5 dxe5 13. Ba3 e4 14.
Bd6 Qd8 15. Ne5 Nbd7 16. Nxd7 Qxd7 17. c5 e3 18. fxe3 a5 19. Rab1 Qe6 20. Bf4 Bf8 21. Bd6 Bh6 22. Bf4 Bf8 23. Qd4 Bg7 24. Qc4 Qxc4 25. bxc4 Bf8 26. Bd6 Rxe3 27. Rd3 Re8 28. Bf3 Nd7 29. Bxf8 Kxf8 30. Kf2 Nxc5 31. Rdd1 Be6 32. Ke3 Rad8 33. Rxd8 Rxd8 34. Kf4 Bxc4 35. e4 Rd3 0-1

[Event "Geneve Chess Masters 2013"]
[Site "Geneve"]
[Date "2013.06.26"]
[Round "1.2"]
[White "Polgar, Judit"]
[Black "Pelletier, Yannick"]
[Result "0-1"]
[ECO "A05"]
[WhiteElo "2696"]
[BlackElo "2574"]
[Annotator "Robot 3"]
[PlyCount "66"]
[EventDate "2013.??.??"]
[EventCountry "SUI"]
[TimeControl "1500+10"]

1. Nf3 Nf6 2. g3 d5 3. Bg2 c6 4. d3 Bg4 5. Nbd2 Nbd7 6. O-O e5 7. h3 Bh5 8. Nh4 Bc5 9. c4 O-O 10. cxd5 cxd5 11. Nb3 Bb6 12. Bd2 a5 13. a4 Re8 14. Rc1 Nf8 15. Nf5 Ne6 16. Qe1 Bg6 17. Nh4 e4 18. Nxg6 hxg6 19. Rc3 Qd7 20. Qa1 Nd4 21. Nxd4 Bxd4 22. Rb3 e3 23. Be1 exf2+ 24. Bxf2 Bxf2+ 25. Rxf2 Re3 26. g4 Rae8 27. Qd1 Qxa4 28. g5 Ne4 29. Bxe4 dxe4 30. Rxf7 Qd4 31. Rf2 Rg3+ 32. Kf1 Rxh3 33. Qc2 e3 0-1

[Event "Geneve Chess Masters 2013"]
[Site "Geneve"]
[Date "2013.06.26"]
[Round "1"]
[White "Pelletier, Yannick"]
[Black "Polgar, Judit"]
[Result "1-0"]
[ECO "A30"]
[WhiteElo "2574"]
[BlackElo "2696"]
[Annotator "Robot 3"]
[PlyCount "107"]
[EventDate "2013.??.??"]
[EventCountry "SUI"]
[TimeControl "1500+10"]

1. c4 c5 2. Nf3 Nc6 3. d4 cxd4 4. Nxd4 Qb6 5. Nb3 a5 6. Nc3 e6 7. Be3 Qd8 8.
Na4 Bb4+ 9. Nd2 Ne5 10. Rc1 Nf6 11. a3 Bd6 12. Nf3 Bc7 13. Nxe5 Bxe5 14. Bb6 Qe7 15. g3 h5 16. h4 Ra6 17. Bg2 Ng4 18. Qb3 Qf6 19. Rd1 Bc7 20.
O-O Qd8 21. Bxc7 Qxc7 22. c5 g5 23. hxg5 h4 24. Qf3 Ne5 25.
Qf6 Rg8 26. Rd4 hxg3 27. fxg3 Rf8 28. Rfd1 Ng6 29. Rd6 Rxd6 30.
cxd6 Qc2 31. Nc3 Qxb2 32. Be4 Qb6+ 33. Kg2 Qd8 34. Nb5 Qxf6 35. gxf6 Ne5 36. Rc1 Nc6 37. g4 b6 38. Kg3 Bb7 39. Rb1 Rg8 40.
Kf4 Kd8 41. Nc3 Rh8 42. Rxb6 Kc8 43. Na4 Rh6 44. Nc5 Ba8 45. Kg5 Rh2 46. Bf3 Rh8 47. Nd3 Rg8+ 48. Kf4 Rg6 49. Bxc6 Bxc6 50. g5 Rg8 51. Ne5 Rf8 52. g6 fxg6 53. Kg5 Be4 54. f7 1-0

[Event "Geneve Chess Masters 2013"]
[Site "Geneve"]
[Date "2013.06.26"]
[Round "1.2"]
[White "Nakamura, Hikaru"]
[Black "Edouard, Romain"]
[Result "1/2-1/2"]
[ECO "C00"]
[WhiteElo "2784"]
[BlackElo "2666"]
[Annotator "Robot 3"]
[PlyCount "177"]
[EventDate "2013.??.??"]
[EventCountry "SUI"]
[TimeControl "1500+10"]

1. e4 e6 2. d3 d5 3. Nd2 c5 4. g3 Bd6 5. Bg2 Ne7 6. f4 O-O 7. Ngf3 Nbc6 8.
O-O b5 9. Re1 c4 10. d4 dxe4 11. Nxe4 Bb7 12. c3 Nd5 13. b3 Be7 14. bxc4 bxc4 15. Qc2 h6 16. Ned2 Rc8 17. Rb1 Qc7 18. Nf1 Rfd8 19. Ne3 Nxe3 20. Bxe3 Bf8 21. f5 exf5 22. Bf4 Bd6 23. Ne5 Ba8 24. Qxf5 Nxe5 25. Bxe5 Bxg2 26. Kxg2 Re8 27. Qf3 Bxe5 28.
Rb7 Qc6 29. dxe5 Qxf3+ 30. Kxf3 a6 31. Re4 Rc5 32. Rf4 Rf8 33.
Ra7 Ra5 34. Rxc4 Rxa2 35. h4 Re8 36. Rcc7 Ra1 37. Rc5 h5 38.
c4 Rf1+ 39. Kg2 Rf5 40. e6 Rxc5 41. exf7+ Kf8 42. fxe8=Q+ Kxe8 43. Rxg7 a5 44. Ra7 Rf5 45. Kh3 Rc5 46. Kh2 Re5 47. Kg1 Rf5 48.
Kg2 Kd8 49. Rg7 Ke8 50. Rb7 Kd8 51. Rh7 Ke8 52. Rg7 Kf8 53. Rg5 Rxg5 54. hxg5 a4 55. c5 a3 56. c6 a2 57. c7 a1=Q 58. c8=Q+ Kg7 59. Qe8 Qd1 60. Qe7+ Kg8 61. Qe6+ Kg7 62. Qf6+ Kg8 63. Qg6+ Kf8 64. Qf5+ Kg7 65. Qf4 Qd5+ 66. Kh2 Qc6 67. Qf5 Qd6 68. Kh3 Qc6 69. Kh2 Qd6 70.
Kh3 Qc6 71. Qf1 Kg6 72. g4 hxg4+ 73. Kh4 Qe6 74. Qd3+ Qf5 75.
Qd6+ Kg7 76. Qc7+ Kg6 77. Qc6+ Kg7 78. Kh5 g3 79. Qc3+ Kf7 80. Qc7+ Kg8 81. Qxg3 Qh7+ 82. Kg4 Qe4+ 83. Qf4 Qxf4+ 84. Kxf4 Kf7 85. Kf5 Kg7 86. g6 Kg8 87. Kf6 Kf8 88. g7+ Kg8 89. Kg6 1/2-1/2

[Event "Geneve Chess Masters 2013"]
[Site "Geneve"]
[Date "2013.06.26"]
[Round "1.1"]
[White "Kramnik, Vladimir"]
[Black "Mamedyarov, Shakhriyar"]
[Result "0-1"]
[ECO "A05"]
[WhiteElo "2803"]
[BlackElo "2753"]
[Annotator "Robot 3"]
[PlyCount "134"]
[EventDate "2013.??.??"]
[EventCountry "SUI"]
[TimeControl "1500+10"]

1. Nf3 Nf6 2. c4 g6 3. g3 Bg7 4. Bg2 O-O 5. O-O d6 6. Nc3 e5 7. d4 Nbd7 8.
b3 Re8 9. e4 exd4 10. Nxd4 a6 11. Be3 Rb8 12. Qd2 c5 13. Nde2 b5 14. Qxd6 Ng4 15. Bf4 bxc4 16. Rad1 Qa5 17. Nd5 cxb3 18. axb3 Nge5 19. Ne7+ Kh8 20. Nxc8 Rbxc8 21. Nc1 Rc6 22. Qd2 Qxd2 23.
Rxd2 c4 24. bxc4 Nb6 25. Rfd1 Nexc4 26. Ra2 a5 27. Nd3 h6 28. h4 Rd8 29. Bf1 a4 30. Rb1 Rcc8 31. Rb5 a3 32. Bc1 Na4 33. Rb7 Kg8 34. Bxa3 Nc3 35. Ra1 Ne2+ 36. Bxe2 Bxa1 37. Be7 Re8 38. Nf4 Na5 39. Rd7 Rc1+ 40.
Kg2 Nc6 41. Bd6 Kg7 42. Bg4 Nd4 43. e5 Nb5 44. Be6 Nxd6 45. exd6 Rf8 46. Bd5 Kf6 47. Bb3 Rc6 48. Nd5+ Ke5 49. Ra7 Bd4 50. Re7+ Kxd6 51. Rb7 g5 52. hxg5 hxg5 53. g4 Rc1 54. Ne7 Ke5 55. Nf5 Bc5 56. Kg3 Rd8 57. Bxf7 Rd3+ 58. Ne3 Bxe3 59. fxe3 Rxe3+ 60. Kf2 Kf4 61. Bg6 Rf3+ 62. Ke2 Rcc3 63. Rb4+ Kg3 64. Bf5 Rf2+ 65. Kd1 Ra3 66. Ke1 Ra1+ 67. Bb1 Kg2 0-1

[Event "Geneve Chess Masters 2013"]
[Site "Geneve"]
[Date "2013.06.26"]
[Round "1"]
[White "Mamedyarov, Shakhriyar"]
[Black "Kramnik, Vladimir"]
[Result "1/2-1/2"]
[ECO "E32"]
[WhiteElo "2753"]
[BlackElo "2803"]
[Annotator "Robot 3"]
[PlyCount "98"]
[EventDate "2013.??.??"]
[EventCountry "SUI"]
[TimeControl "1500+10"]

1. d4 Nf6 2. c4 e6 3. Nc3 Bb4 4. Qc2 O-O 5. a3 Bxc3+ 6. Qxc3 d5 7. Nf3 dxc4 8. Qxc4 b6 9. Bg5 Ba6 10. Qa4 Qd7 11. Qc2 c5 12. dxc5 Rc8 13.
Rd1 Qe7 14. e4 Bxf1 15. Rxf1 h6 16. Bh4 Rxc5 17. Qe2 e5 18. Bxf6 Qxf6 19. Qd3 Qc6 20. Ng1 Rc1 21. Ne2 Rxd1+ 22. Kxd1 Na6 23. Qxa6 Rd8+ 24. Ke1 Qc2 25. f3 Rd1+ 26. Kf2 Qc5+ 27. Nd4 Rxd4 28. Kg3 Rd2 29. b4 Qc6 30. Rg1 Qg6+ 31. Kh3 Qe6+ 32. Kg3 Qg6+ 33. Kh3 Qh5+ 34. Kg3 Qg5+ 35. Kh3 Qe7 36. Kg3 Kh7 37. h3 Ra2 38. Qd3 a5 39. Qb3 Rd2 40. Qc3 Ra2 41. Qb3 Rd2 42. Qc3 Qg5+ 43. Kh2 axb4 44. Qxb4 Qe3 45. Kh1 f6 46. Qe7 Qb3 47. Qf8 Rc2 48. Qd6 Ra2 49. Qd7 Qxa3 1/2-1/2

[Event "Geneve Chess Masters 2013"]
[Site "Geneve"]
[Date "2013.06.26"]
[Round "1.3"]
[White "Nakamura, Hikaru"]
[Black "Edouard, Romain"]
[Result "1-0"]
[ECO "C15"]
[WhiteElo "2784"]
[BlackElo "2666"]
[Annotator "Robot 3"]
[PlyCount "65"]
[EventDate "2013.??.??"]
[EventCountry "SUI"]
[TimeControl "1500+10"]

1. d4 e6 2. e4 d5 3. Nc3 Bb4 4. exd5 exd5 5. Bd3 c6 6. a3 Bd6 7. Nge2 Nf6 8.
O-O O-O 9. Ng3 Re8 10. Nf5 Bxf5 11. Bxf5 Nbd7 12. Qf3 Qc7 13. g3 Nf8 14. Bg5 N6d7 15. Rad1 Ne6 16. Bc1 Qb6 17. h4 Ndf8 18. Ne2 Qd8 19. c3 Qf6 20. Qd3 g6 21. Bh3 Qg7 22. Kg2 Nd7 23. Ng1 Nf6 24. Nf3 Ne4 25. c4 Re7 26. cxd5 cxd5 27. Qb3 Nf6 28. Rfe1 Rae8 29. Re3 b6 30. Rde1 Nc7 31. Rxe7 Rxe7 32. Rxe7 Bxe7 33. Qa4 1-0

[Event "Geneve Chess Masters 2013"]
[Site "Geneve"]
[Date "2013.06.26"]
[Round "1.2"]
[White "Kosteniuk, Alexandra"]
[Black "Bacrot, Etienne"]
[Result "1/2-1/2"]
[ECO "C67"]
[WhiteElo "2489"]
[BlackElo "2725"]
[Annotator "Robot 3"]
[PlyCount "69"]
[EventDate "2013.??.??"]
[EventCountry "SUI"]
[TimeControl "1500+10"]

1. e4 e5 2. Nf3 Nc6 3. Bb5 Nf6 4. O-O Nxe4 5. d4 Nd6 6. Bxc6 dxc6 7. dxe5 Nf5 8. Qxd8+ Kxd8 9. Nc3 Ke8 10. h3 h5 11. a4 Be7 12. Ne4 Be6 13. a5 Rd8 14. c3 Bd5 15. Re1 Bxe4 16. Rxe4 Rd1+ 17. Re1 Rxe1+ 18. Nxe1 h4 19. Ra4 Kd7 20. Nd3 c5 21. Re4 Kc6 22. Kf1 Kb5 23.
e6 fxe6 24. Rxe6 Bd6 25. Re4 Rf8 26. Ke2 Kxa5 27. Bg5 b5 28. Ne5 Bxe5 29. Rxe5 Kb6 30. Re4 Rh8 31. Re5 Rf8 32. Re4 Rh8 33. Re5 Rf8 34. Re4 Rh8 35. Re5 1/2-1/2